 Dungeon Crawl Stone Soup version 0.29-a0-1047-g7c58e119a4 (webtiles) character file.

Game seed: 6830251059815189830

568 siradein the Digger (level 7, 0/60 HPs)
             Began as a White Draconian Earth Elementalist on Aug 17, 2022.
             Succumbed to a scorpion's poison
             ... on level 5 of the Dungeon.
             The game lasted 00:08:33 (2871 turns).

siradein the Digger (DrEE)                          Turns: 2871, Time: 00:08:34

Health: 0/60       AC:  6    Str: 11    XL:     7   Next: 11%
Magic:  0/10       EV: 12    Int: 17    God:
Gold:   111        SH:  0    Dex: 11    Spells: 6/10 levels left

rFire   . . .      SeeInvis .   f - staff of conjuration
rCold   + . .      Faith    .   (no shield)
rNeg    . . .      Spirit   .   (body armour unavailable)
rPois   .          Reflect  .   (helmet restricted)
rElec   .          Harm     .   (no cloak)
rCorr   .          Rampage  .   (no gloves)
Will    .....                   (no boots)
Stlth   ++........              (no amulet)
HPRegen 0.20/turn               (no ring)
MPRegen 0.12/turn               (no ring)

@: lethally poisoned (0 -> -2), short of breath
A: breathe frost, AC +6, unfitting armour, cold resistance 1, cold-blooded
a: Breathe Frost


You were on level 5 of the Dungeon.
You visited 1 branch of the dungeon, and saw 4 of its levels.

You collected 111 gold pieces.

Inventory:

Hand Weapons
 c - a +3 dagger
Missiles
 d - 2 throwing nets
Magical Staves
 f - a staff of conjuration (weapon)
Wands
 m - a wand of polymorph (4)
 o - a wand of flame (18)
Scrolls
 a - 2 scrolls of fear {unknown}
 b - 3 scrolls of identify {unknown}
 e - a scroll of vulnerability {unknown}
 g - a scroll of enchant weapon {unknown}
 h - a scroll of teleportation {unknown}
 k - a scroll of amnesia {unknown}
 n - a scroll of summoning {unknown}
Potions
 i - a potion of might {unknown}
 j - a potion of flight {unknown}
 l - a potion of mutation {unknown}
 p - a potion of attraction {unknown}


   Skills:
 + Level 4.6 Fighting
 - Level 1.7 Dodging
 - Level 1.7 Stealth
 + Level 2.3 Spellcasting
 + Level 3.6 Conjurations
 - Level 1.0 Transmutations
 + Level 5.3 Earth Magic


You had 6 spell levels left.
You knew the following spells:

 Your Spells              Type           Power      Damage    Failure   Level
a - Sandblast             Erth           40%        2d10      1%          1
b - Stone Arrow           Conj/Erth      52%        3d10      9%          3

Your spell library contained the following spells:

 Spells                   Type           Power      Damage    Failure   Level
 Passwall                 Tmut/Erth      10%        N/A       8%          2
 Petrify                  Tmut/Erth      12%        N/A       45%         4


Dungeon Overview and Level Annotations

Branches:
Dungeon (3/15)

Altars:


Innate Abilities, Weirdness & Mutations

You can breathe waves of freezing cold which knock back foes.
Your icy white scales are hard. (AC +6)
You cannot fit into any form of body armour.
Your flesh is cold resistant. (rC+)
You are cold-blooded and may be slowed by cold attacks.


Message History

The scorpion is lightly wounded.
You feel very sick. The scorpion closely misses you.
You closely miss the scorpion. You tail-slap the scorpion.
The scorpion is moderately wounded.
You feel very sick. The scorpion stings you.
* * * LOW HITPOINT WARNING * * *
The scorpion closely misses you.
Your magical contamination has completely faded away.
Unknown command.
Casting: Stone Arrow (dangerous; 9% risk of failure)
Confirm with . or Enter, or press ? or * to list all spells.
Aiming: Sandblast (safe; 1% risk of failure)
Press: ? - help, Shift-Dir - straight line, f/p - scorpion
Aim: a scorpion (moderately wounded, 83% to hit)
The blast of sand hits the scorpion but does no damage.
The scorpion is moderately wounded.
You feel very sick. The scorpion closely misses you.
You hit the scorpion but do no damage.
The scorpion is moderately wounded.
You feel sick. The scorpion completely misses you. The scorpion stings you.
* * * LOW HITPOINT WARNING * * *
You barely miss the scorpion.
The scorpion is moderately wounded.
You feel sick. The scorpion closely misses you.
You hit the scorpion but do no damage.
Your tail-slap misses the scorpion.
The scorpion is moderately wounded.
You feel sick. The scorpion stings you.
* * * LOW HITPOINT WARNING * * *
The scorpion stings you but does no damage.
Unknown command.
Unknown command.
Aiming: Breathe Frost (5% risk of failure)
Press: ? - help, Shift-Dir - straight line, f/p - scorpion
Aim: a scorpion (moderately wounded, 68% to hit)
You exhale a wave of freezing cold.
The freezing breath hits the scorpion!
You kill the scorpion!
You die...

............######
:..........>.....#
######.#########.#
#.# #.# #. #.# #.
#.# #.# #†#
########@#
.........#
##########


There were no monsters in sight!

Vanquished Creatures
  Sigmund (D:2)
  2 scorpions (D:5)
  A jelly (D:5)
  A hound (D:5)
  Jessica (D:2)
  Natasha (thrice) (D:2)
  An orc wizard (D:2)
  An adder (D:5)
  7 gnolls
  An ufetubus (D:5)
  A worm (D:2)
  A dart slug (D:5)
  5 orcs
  4 bats
  2 endoplasms
  11 giant cockroaches
  4 goblins
  8 hobgoblins
  4 jackals
  10 kobolds
  2 quokkas
  3 ball pythons
  A frilled lizard (D:1)
  4 rats
79 creatures vanquished.

Notes
Turn   | Place    | Note
-------+----------+-------------------------------------------
     0 | D:1      | siradein the Draconian Earth Elementalist began the quest
                  | for the Orb.
     0 | D:1      | Reached XP level 1. HP: 14/14 MP: 3/3
   191 | D:1      | Found a faded altar of an unknown god.
   193 | D:1      | Reached skill level 1 in Fighting
   195 | D:1      | Reached XP level 2. HP: 23/23 MP: 0/5
   867 | D:2      | Reached XP level 3. HP: 25/29 MP: 1/6
   878 | D:2      | Learned a level 3 spell: Stone Arrow
  1196 | D:2      | Reached skill level 1 in Conjurations
  1454 | D:2      | Reached skill level 4 in Earth Magic
  1454 | D:2      | Reached XP level 4. HP: 29/37 MP: 2/7
  1545 | D:2      | Noticed Natasha
  1550 | D:2      | Killed Natasha
  1631 | D:2      | Reached XP level 5. HP: 35/45 MP: 1/8
  1780 | D:2      | Noticed Jessica
  1781 | D:2      | Killed Jessica
  1895 | D:2      | Noticed Natasha
  1897 | D:2      | Killed Natasha
  1974 | D:2      | Noticed Natasha
  1990 | D:2      | Killed Natasha
  2030 | D:2      | Noticed Sigmund
  2069 | D:2      | Killed Sigmund
  2070 | D:2      | Reached skill level 5 in Earth Magic
  2070 | D:2      | Reached XP level 6. HP: 39/52 MP: 1/9
  2723 | D:3      | You fall into a shaft and drop 2 floors!
  2723 | D:5      | Entered Level 5 of the Dungeon
  2780 | D:5      | Your scales start taking on an icy white colour.
  2780 | D:5      | Reached XP level 7. HP: 60/60 MP: 4/10
  2780 | D:5      | Gained mutation: Your flesh is cold resistant. (rC+) [White
                  | Draconian growth]
  2870 | D:5      | HP: 1/60 [scorpion (5)]
  2871 | D:5      | Succumbed to a scorpion's poison

Illustrated notes

Levels and vault maps discovered:
D:1:      moated_graveyard_arrival, layout_rooms,
          hellmonk_ecumenical_altar_lost_god, due_unseen_surprise
D:2:      minmay_roachtagon, layout_rooms, uniq_natasha, uniq_sigmund,
          uniq_jessica
D:3:      layout_basic
D:5:      layout_basic, minmay_temple_entry_waves, water_maze_lemuel

Skill      XL: |  1  2  3  4  5 |
---------------+----------------+-----
Fighting       | 1 2 3 4 |  4.6
Conjurations   | 1 3 |  3.6
Earth Magic    | 4 5 |  5.3
Dodging        | |  1.7
Stealth        | |  1.7
Spellcasting   | |  2.3
Transmutations | |  1.0

Action                   |  1- 3 |  4- 6 |  7- 9 || total
-------------------------+-------+-------+-------++-------
Melee: Dagger            |    27 |    13 |       ||    40
       Tailslap          |     4 |     3 |     3 ||    10
       Staff             |       |    13 |    10 ||    23
       Punch             |       |     1 |       ||     1
 Cast: Sandblast         |    49 |    48 |     2 ||    99
       Stone Arrow       |       |    11 |     3 ||    14
 Abil: Breathe Frost     |       |       |     2 ||     2
  Use: Potion            |       |     2 |       ||     2
Armor: Skin              |    16 |    25 |    11 ||    52
Dodge: Dodged            |    39 |    48 |    27 ||   114

Table legend: (Time is in decaauts)
 A = Elapsed time spent in this place.
 B = Non-inter-level travel time spent in this place.
 C = Inter-level travel time spent in this place.
 D = Time resting spent in this place.
 E = Time spent auto-exploring this place.
 F = Levels seen in this place.
 G = Mean time per level.
                   A        B        C        D        E       F      G
               +--------+--------+--------+--------+--------+-----+--------+
         Total |   2948 |   2867 |     81 |      0 |   2306 |   4 |  737.0 |
       Dungeon |   2948 |   2867 |     81 |      0 |   2306 |   4 |  737.0 |
               +--------+--------+--------+--------+--------+-----+--------+

Top non-repeatable levels by time:
     D:2: 1495 daAuts
     D:1: 1005 daAuts
     D:3: 296 daAuts
     D:5: 150 daAuts
